 Dungeon Crawl Stone Soup version 0.32-a0-131-g9dbbe29261 (webtiles) character file.

Game seed: 6658367749128640053

2715 whatisthis the Thaumaturge (level 9, -1/55 HPs)
             Began as a Djinni Ice Elementalist on Feb 8, 2024.
             Was a Follower of Makhleb.
             Slain by a wight
             ... wielding a +0 battleaxe
              (3 damage)
             ... on level 7 of the Dungeon.
             The game lasted 00:19:47 (7959 turns).

whatisthis the Thaumaturge (DjIE)                   Turns: 7959, Time: 00:19:47

Health: -1/55      AC:  8    Str:  7    XL:     9   Next: 98%
Gold:   459        EV: 12    Int: 27    God:    Makhleb [*.....] SH:  5 Dex: 14

rFire   + + .        H - +2 battleaxe (elec)
rCold   x . .        (shield currently unavailable)
rNeg    . . .        I - +0 steam dragon scales
rPois   ∞            (no helmet)
rElec   .            l - +2 cloak
rCorr   .            (no gloves)
SInv    .            (boots unavailable)
Will    .....        z - amulet of reflection
Stlth   ++           F - +6 ring of intelligence
HPRegen 0.29/turn    (no ring)
MPRegen 0.00/turn

%: reflection, infuse magic (-2 HP)
@: flying
A: sickness immunity, fire resistance 2, cold vulnerability 1, float, innate
caster, HP casting, extra vitality 1
a: Renounce Religion


You were on level 7 of the Dungeon.
You worshipped Makhleb.
Makhleb was aware of your devotion.
You visited 2 branches of the dungeon, and saw 9 of its levels.

You collected 459 gold pieces.

Inventory:

Hand Weapons
 j - a +2 short sword of venom
 G - a +5 long sword of freezing
 H - a +2 battleaxe of electrocution (weapon)
Missiles
 k - 3 javelins
 v - 8 poisoned darts
 y - 3 curare-tipped darts
Armour
 a - a +2 kite shield of reflection
 l - a +2 cloak (worn)
 E - a +0 buckler
 I - +0 steam dragon scales (worn)
Magical Staves
 s - a staff of conjuration
Jewellery
 b - a ring of fire
 z - an amulet of reflection (around neck)
 F - a +6 ring of intelligence (left hand)
Wands
 m - a wand of charming (18)
 n - a wand of roots (7)
 J - a wand of quicksilver (11)
Scrolls
 c - a scroll of amnesia {unknown}
 e - 3 scrolls of identify {unknown}
 f - a scroll of immolation
 g - 3 scrolls of fear {unknown}
 h - 3 scrolls of revelation {unknown}
 o - a scroll of fog {unknown}
 p - 4 scrolls of teleportation {unknown}
 q - 2 scrolls of enchant armour {unknown}
 t - 3 scrolls of poison {unknown}
 C - a scroll of vulnerability {unknown}
 D - a scroll of summoning {unknown}
Potions
 d - a potion of magic {unknown}
 i - a potion of haste {unknown}
 r - 2 potions of berserk rage {unknown}
 u - a potion of enlightenment {unknown}
 w - 2 potions of heal wounds {unknown}
 x - a potion of experience {unknown}
 A - a potion of mutation {unknown}
 B - a potion of attraction {unknown}


   Skills:
 - Level 2.1 Dodging
 - Level 1.5 Stealth
 + Level 10.7 Spellcasting
 + Level 10.7 Conjurations
 + Level 10.7 Hexes
 + Level 10.7 Summonings
 + Level 10.7 Necromancy
 + Level 10.7 Translocations
 + Level 10.7 Fire Magic
 + Level 10.7 Ice Magic
 + Level 10.7 Air Magic
 + Level 10.7 Earth Magic
 + Level 10.7 Alchemy


You knew the following spells:

 Your Spells              Type           Power      Damage    Failure   Level
a - Freeze                Ice            100%       1d10      1%          1
b - Frozen Ramparts       Ice            100%       1d16      1%          3
c - Ozocubu's Armour      Ice            64%        N/A       1%          3
d - Summon Ice Beast      Ice/Summ       64%        N/A       1%          3
e - Magic Dart            Conj           100%       1d8       1%          1
f - Momentum Strike       Conj/Tloc      100%       3d10      1%          2
g - Mephitic Cloud        Conj/Alch/Air  64%        N/A       1%          3
h - Manifold Assault      Tloc           64%        N/A       1%          4
Your spell library was empty.

Dungeon Overview and Level Annotations

Branches:
Dungeon (8/15)             Temple (1/1) D:6
   Lair: D:8-11

Altars:
Ashenzari
Cheibriados
Dithmenos
Fedhas
Gozag
Hepliaklqana
Makhleb
Nemelex Xobeh
Okawaru
Ru
Trog
Uskayaw
Wu Jian
Xom
Yredelemnul
Zin
The Shining One

Shops:
D:4 ?


Innate Abilities, Weirdness & Mutations

You are immune to sickness and miasma.
You are immune to poison.
Your flesh is very heat resistant. (rF++)
You are vulnerable to cold. (rC-)
You float through the air rather than walking.
You learn spells naturally, not from books.
Your magical power is your life essence.
You have superior vitality. (+4 MHP)


Message History

The magic dart hits the wight.
The wight is almost destroyed.
The wight hits you with a +4 mace.
Your ice beast hits the wight but does no damage.
Aiming: Magic Dart (safe; 1% risk of failure)
Press: ? - help, Q - select action, (/) - cycle Shift-Dir - straight line, f/p - wight
Aim: a wight, wielding a +4 mace and wearing a +0 robe (almost destroyed, ally target, 100% to hit)
The magic dart hits the wight.
You destroy the wight!
Makhleb accepts your kill.
Your ice beast hits the wight.
Your ice beast freezes the wight.
The wight resists.
As you read the scroll labelled PUAQUE ZE HAANG, it crumbles to dust.
The creatures around you are filled with an inner flame!
It was a scroll of immolation.
The wight hits you with a +0 battleaxe!
* * * LOW HITPOINT WARNING * * *
The wight completely misses your ice beast.
Your ice beast barely misses the wight.
Okay, then.
Aiming: Magic Dart (safe; 1% risk of failure)
Press: ? - help, Q - select action, (/) - cycle Shift-Dir - straight line, f - wight
Aim: a wight, wielding a +0 battleaxe and wearing a +0 robe (moderately damaged, inner flame, ally target, 100% to hit)
The magic dart hits the wight but does no damage.
The wight is moderately damaged.
* * * LOW HITPOINT WARNING * * *
The wight hits you with a +0 battleaxe.
* * * LOW HITPOINT WARNING * * *
The wight hits your ice beast with a +0 battleaxe!
Flame seeps out of your ice beast.
Your ice beast is engulfed in blazing flames.
Flame seeps out of your ice beast.
Your ice beast barely misses the wight.
Your ice beast is engulfed in blazing flames.
Flame seeps out of your ice beast.
Your ice beast hits the wight but does no damage.
Your ice beast is engulfed in blazing flames.
Your ice beast disappears in a puff of smoke!
Your ice beast explodes!
The wight attacks as it pursues you! The wight closely misses you.
The wight attacks as it pursues you! The wight hits you with a +0 battleaxe.
You die...

#.# ##.....# ##......#####..>##.
#.# ####### ##.##### #...### #.#
#.## #...# ..#####
#..########...# ......#
##.......##...# ......#
#..####.###.## #
......############..####.###># #
.............................####
......#########.@z....z.........#
......# #......§§#.#.#....z
......# #......§.§.....##.#
####### #......§#§.....##..
#....[....)#.#.##..
####.##.####.#.##..
#............... #...#######.###.
#...# #....(#.


You could see 2 wights.

Vanquished Creatures
  Prince Ribbit (D:7)
  Grinder (D:3)
  A steam dragon (D:8)
  A water moccasin (D:6)
  An ice beast (D:8)
  2 ogres (D:7)
  A black bear (D:6)
  2 phantoms
  2 kobold brigands
  A gnoll sergeant (D:7)
  2 bullfrogs
  6 wights
  2 bombardier beetles
  3 orc priests
  4 hounds
  2 jellies
  3 iguanas
  5 orc wizards
  4 gnolls
  10 adders
  2 shadow imps
  A white imp (D:4)
  2 ribbon worms (D:2)
  4 dart slugs
  22 orcs
  10 bats
  5 endoplasms
  5 giant cockroaches
  22 goblins
  10 hobgoblins
  6 jackals
  2 quokkas
  3 ball pythons
  4 frilled lizards
  23 kobolds
  7 rats
  A butterfly (D:6)
183 creatures vanquished.

Vanquished Creatures (collateral kills)
  A wight (D:8)
  A jelly (D:6)
  An orc (D:6)
3 creatures vanquished.

Grand Total: 186 creatures vanquished

Notes
Turn   | Place    | Note
-------+----------+-------------------------------------------
     0 | D:1      | whatisthis the Djinni Ice Elementalist began the quest for
                  | the Orb.
     0 | D:1      | whatisthis set off with the following spells memorised:
                  | Freeze, Frozen Ramparts, Ozocubu's Armour, Summon Ice
                  | Beast.
     0 | D:1      | Reached XP level 1. HP: 15/15 MP: 0/0
    80 | D:1      | Reached XP level 2. HP: 14/21 MP: 0/0
   310 | D:1      | Reached XP level 3. HP: 25/25 MP: 0/0
   310 | D:1      | Learned a level 1 spell: Magic Dart
   996 | D:2      | Reached XP level 4. HP: 14/31 MP: 0/0
  1136 | D:2      | Found a faded altar of an unknown god.
  1871 | D:3      | Reached skill level 5 in Spellcasting
  1871 | D:3      | Reached skill level 5 in Conjurations
  1871 | D:3      | Reached skill level 5 in Hexes
  1871 | D:3      | Reached skill level 5 in Summonings
  1871 | D:3      | Reached skill level 5 in Necromancy
  1871 | D:3      | Reached skill level 5 in Translocations
  1871 | D:3      | Reached skill level 5 in Fire Magic
  1871 | D:3      | Reached skill level 5 in Ice Magic
  1871 | D:3      | Reached skill level 5 in Air Magic
  1871 | D:3      | Reached skill level 5 in Earth Magic
  1871 | D:3      | Reached skill level 5 in Alchemy
  1871 | D:3      | Reached XP level 5. HP: 24/35 MP: 0/0
  1871 | D:3      | Learned a level 2 spell: Momentum Strike
  1931 | D:3      | Noticed Grinder
  1964 | D:3      | Paralysed by Grinder for 5 turns
  1969 | D:3      | Killed Grinder
  1970 | D:3      | Reached XP level 6. HP: 16/40 MP: 0/0
  2461 | D:3      | Found a sacrificial altar of Ru.
  2530 | D:3      | Reached XP level 7. HP: 42/45 MP: 0/0
  2530 | D:3      | Learned a level 3 spell: Mephitic Cloud
  2822 | D:4      | Found Wiasoukh's Magic Scroll Shoppe.
  3431 | D:4      | Identified the +7 dagger "Kelaawn" {heavy, rN++ Will- Str+3
                  | Dex+4}
  3519 | D:5      | Entered Level 5 of the Dungeon
  3772 | D:5      | Reached XP level 8. HP: 25/50 MP: 0/0
  4510 | D:6      | Found a blossoming altar of Fedhas.
  4511 | D:6      | Found a staircase to the Ecumenical Temple.
  4517 | Temple   | Entered the Ecumenical Temple
  4525 | Temple   | Became a worshipper of Makhleb the Destroyer
  4927 | D:6      | Found a hide-covered altar of Uskayaw.
  5033 | D:6      | Reached XP level 9. HP: 37/55 MP: 0/0
  5033 | D:6      | Learned a level 4 spell: Manifold Assault
  5164 | D:6      | Found an iron altar of Okawaru.
  5713 | D:7      | Found a glowing golden altar of the Shining One.
  5807 | D:7      | Noticed Prince Ribbit
  6137 | D:7      | Killed Prince Ribbit
  6565 | D:7      | Reached skill level 10 in Spellcasting
  6565 | D:7      | Reached skill level 10 in Conjurations
  6565 | D:7      | Reached skill level 10 in Hexes
  6565 | D:7      | Reached skill level 10 in Summonings
  6565 | D:7      | Reached skill level 10 in Necromancy
  6565 | D:7      | Reached skill level 10 in Translocations
  6565 | D:7      | Reached skill level 10 in Fire Magic
  6565 | D:7      | Reached skill level 10 in Ice Magic
  6565 | D:7      | Reached skill level 10 in Air Magic
  6565 | D:7      | Reached skill level 10 in Earth Magic
  6565 | D:7      | Reached skill level 10 in Alchemy
  6787 | D:7      | Reached * piety under Makhleb
  7954 | D:7      | HP: 1/55 [wight/+0 battleaxe (6)]
  7959 | D:7      | Slain by a wight

Illustrated notes

Levels and vault maps discovered:
D:1:      amcnicky_arrival_single_pillar, layout_basic, minmay_pentomino_x4
D:2:      minmay_general_purpose_star, layout_loops_ring,
          ebering_ecumenical_altar_webs, hangedman_decor_push,
          grunt_ministairs_8, st_stairs_2
D:3:      cheibrodos_greedy_goblins, layout_basic,
          mainiacjoe_overflow_tiny_flanked, uniq_grinder
D:4:      layout_gridville, serial_shops, nicolae_shop_tiny_real_fake_doors
D:5:      layout_loops_cross
D:6:      layout_loops_cross, mainiacjoe_overflow_alcove_4,
          okawaru_altar_gauntlet_db, old_standard_altar, fedhas_altar_1,
          minmay_temple_entry_butterflies
D:7:      layout_loops_cross, mainiacjoe_overflow_paths, uniq_prince_ribbit1
D:8:      layout_cave_pools, elyvilon_altar_3, hellmonk_lair_entry_icy,
          serial_library_hellmonk_octagon, uniq_grum
Temple:   nicolae_temple_great_sept

Skill      XL: |  1  2  3  4  5  6  7  8  9 |
---------------+----------------------------+-----
Spellcasting   | 4 5 6 7 8 10 | 10.7
Conjurations   | 4 5 6 7 8 10 | 10.7
Hexes          | 4 5 6 7 8 10 | 10.7
Summonings     | 4 5 6 7 8 10 | 10.7
Necromancy     | 4 5 6 7 8 10 | 10.7
Translocations | 4 5 6 7 8 10 | 10.7
Fire Magic     | 4 5 6 7 8 10 | 10.7
Ice Magic      | 4 5 6 7 8 10 | 10.7
Air Magic      | 4 5 6 7 8 10 | 10.7
Earth Magic    | 4 5 6 7 8 10 | 10.7
Alchemy        | 4 5 6 7 8 10 | 10.7
Dodging        | |  2.1
Stealth        | |  1.5

Action                     |  1- 3 |  4- 6 |  7- 9 || total
---------------------------+-------+-------+-------++-------
  Melee: Spear             |     8 |       |       ||     8
         Short sword       |     3 |     5 |    84 ||    92
         Staff             |       |       |     6 ||     6
         Battleaxe         |       |       |    15 ||    15
         Punch             |       |       |     1 ||     1
  Throw: Dart              |       |       |     2 ||     2
   Cast: Freeze            |    25 |       |       ||    25
         Magic Dart        |    29 |    81 |   204 ||   314
         Frozen Ramparts   |       |     7 |    23 ||    30
         Summon Ice Beast  |       |     2 |     7 ||     9
         Mephitic Cloud    |       |       |    12 ||    12
         Manifold Assault  |       |       |    57 ||    57
  Evoke: Wand              |       |     1 |       ||     1
    Use: Scroll            |       |       |     1 ||     1
   Stab: Sleeping          |     2 |       |     1 ||     3
 Armour: Robe              |    26 |    11 |    33 ||    70
         Steam dragon scal |       |       |     8 ||     8
  Dodge: Dodged            |    18 |    12 |    54 ||    84
  Block: Other             |       |       |    12 ||    12
         Reflection        |       |       |     2 ||     2

Table legend: (Time is in decaauts)
 A = Elapsed time spent in this place.
 B = Non-inter-level travel time spent in this place.
 C = Inter-level travel time spent in this place.
 D = Time resting spent in this place.
 E = Time spent auto-exploring this place.
 F = Levels seen in this place.
 G = Mean time per level.
                   A        B        C        D        E       F      G
               +--------+--------+--------+--------+--------+-----+--------+
         Total |   7974 |   7567 |    407 |   1799 |   4156 |   9 |  886.0 |
       Dungeon |   7958 |   7558 |    400 |   1799 |   4156 |   8 |  994.8 |
        Temple |     16 |      9 |      7 |      0 |      0 |   1 |   16.0 |
               +--------+--------+--------+--------+--------+-----+--------+

Top non-repeatable levels by time:
     D:6: 1725 daAuts
     D:7: 1086 daAuts
     D:2: 1047 daAuts
     D:4: 1005 daAuts
     D:3: 897 daAuts
     D:5: 783 daAuts
     D:1: 780 daAuts
     D:8: 632 daAuts
  Temple: 16 daAuts
